PAA
LANNISTER UNITED LIONHEARTS @ DURHAM RAPIERS
07/12/2022
 
TOP OF THE 1ST
Lannister United Lionhearts batting - Pitching for Durham Rapiers : RHP Luis Cardona
Pitching: RHP Luis Cardona
Batting: RHB Héctor Ruíz 0-0: Ball
1-0: Foul Ball, location: 2F
1-1: Ground out 4-3 (Groundball, 4M)
Batting: LHB Eduardo Álvarez 0-0: Called Strike
0-1: Ball
1-1: Fly out, F8 (Flyball, 8RM)
Batting: LHB Aurelio Aurillo 0-0: Ball
1-0: Called Strike
1-1: Ball
2-1: Called Strike
2-2: Foul Ball, location: 2F
2-2: Strikes out swinging
Top of the 1st over - 0 run(s), 0 hit(s), 0 error(s), 0 left on base; Lannister United 0 - Durham 0
BOTTOM OF THE 1ST
Durham Rapiers batting - Pitching for Lannister United Lionhearts : RHP Gonçalo Conxacha
Pitching: RHP Gonçalo Conxacha
Batting: RHB Esteban Garza 0-0: Called Strike
0-1: Ground out 1-3 (Groundball, 13S)
Batting: LHB Evan Nelson 0-0: Ball
1-0: Foul Ball, location: 2F
1-1: Ball
2-1: Called Strike
2-2: Foul Ball, location: 2F
2-2: Foul Ball, location: 2F
2-2: Fly out, F9 (Flyball, 9S)
Batting: RHB Luis Tapia 0-0: Ground out 6-3 (Groundball, 6)
Bottom of the 1st over - 0 run(s), 0 hit(s), 0 error(s), 0 left on base; Lannister United 0 - Durham 0
TOP OF THE 2ND
Lannister United Lionhearts batting - Pitching for Durham Rapiers : RHP Luis Cardona
Batting: LHB Shang-de Zhang 0-0: Ground out U3 (Groundball, 3)
Batting: LHB José Tamayo 0-0: Ball
1-0: Ground out 4-3 (Groundball, 34)
Batting: LHB Guy Riley 0-0: Ball
1-0: Ground out 1-3 (Groundball, 15S)
Top of the 2nd over - 0 run(s), 0 hit(s), 0 error(s), 0 left on base; Lannister United 0 - Durham 0
BOTTOM OF THE 2ND
Durham Rapiers batting - Pitching for Lannister United Lionhearts : RHP Gonçalo Conxacha
Batting: RHB Harrison Blackford 0-0: Foul Ball, location: 2F
0-1: Ball
1-1: Swinging Strike
1-2: Strikes out swinging
Batting: SHB Kunimichi Chikafuji 0-0: Ball
1-0: Called Strike
1-1: Ball
2-1: Ball
3-1: Base on Balls
Batting: RHB Caleb Lee 0-0: Foul Ball, location: 2F
0-1: Swinging Strike
0-2: Ball
1-2: SINGLE (Groundball, 4M)
Kunimichi Chikafuji to second
Batting: RHB Kevin Sanderson 0-0: Ball
1-0: Ball
2-0: SINGLE (Groundball, 56D)
Kunimichi Chikafuji to third
Caleb Lee to second
Batting: SHB Orlando López 0-0: Called Strike
0-1: Swinging Strike
0-2: Foul Ball, location: 2F
0-2: Strikes out swinging
Batting: RHB Álex Hernández 0-0: Ball
1-0: Ball
2-0: Called Strike
2-1: Fly out, F9 (Popup, 9S)
Bottom of the 2nd over - 0 run(s), 2 hit(s), 0 error(s), 3 left on base; Lannister United 0 - Durham 0
TOP OF THE 3RD
Lannister United Lionhearts batting - Pitching for Durham Rapiers : RHP Luis Cardona
Batting: LHB Carl Duncan 0-0: Foul Ball, location: 2F
0-1: Swinging Strike
0-2: Foul Ball, location: 2F
0-2: Ball
1-2: Ball
2-2: Strikes out swinging
Batting: RHB Pedro Herrera 0-0: Foul Ball, location: 2F
0-1: Ball
1-1: SINGLE (Groundball, 25) (infield hit)
Batting: LHB Jorge Garza 0-0: Called Strike
0-1: Swinging Strike
0-2: Ball
1-2: Ball
2-2: Foul Ball, location: 2F
2-2: Foul Ball, location: 2F
2-2: Foul Ball, location: 2F
2-2: Foul Ball, location: 2F
2-2: Foul Ball, location: 2F
2-2: Strikes out swinging
Batting: RHB Héctor Ruíz 0-0: Ball
1-0: Foul Ball, location: 2F
1-1: Foul Ball, location: 2F
1-2: Ball
2-2: Strikes out looking
Top of the 3rd over - 0 run(s), 1 hit(s), 0 error(s), 1 left on base; Lannister United 0 - Durham 0
BOTTOM OF THE 3RD
Durham Rapiers batting - Pitching for Lannister United Lionhearts : RHP Gonçalo Conxacha
Batting: RHB Esteban Garza 0-0: Called Strike
0-1: Bunt for hit - play at first, batter OUT! 2-3
Batting: LHB Evan Nelson 0-0: Ball
1-0: Called Strike
1-1: Foul Ball, location: 2F
1-2: Ground out 1-3 (Groundball, 15)
Batting: RHB Luis Tapia 0-0: Ball
1-0: Called Strike
1-1: SINGLE (Groundball, 56D)
Batting: RHB Harrison Blackford 0-0: Called Strike
0-1: Ball
1-1: Foul Ball, location: 2F
1-2: Ground out 6-3 (Groundball, 6)
Bottom of the 3rd over - 0 run(s), 1 hit(s), 0 error(s), 1 left on base; Lannister United 0 - Durham 0
TOP OF THE 4TH
Lannister United Lionhearts batting - Pitching for Durham Rapiers : RHP Luis Cardona
Batting: LHB Eduardo Álvarez 0-0: Called Strike
0-1: Foul Ball, location: 2F
0-2: Foul Ball, location: 2F
0-2: Ball
1-2: Strikes out looking
Batting: LHB Aurelio Aurillo 0-0: Ball
1-0: Foul Ball, location: 2F
1-1: Fly out, F8 (Flyball, 8LM)
Batting: LHB Shang-de Zhang 0-0: Called Strike
0-1: Ball
1-1: Ball
2-1: Ball
3-1: Base on Balls
Batting: LHB José Tamayo 0-0: Ball
1-0: Called Strike
1-1: Ball
2-1: Ball
3-1: Base on Balls
Shang-de Zhang to second
Batting: LHB Guy Riley 0-0: Called Strike
0-1: SINGLE (Line Drive, 6MD)
Shang-de Zhang to third
José Tamayo to second
Batting: LHB Carl Duncan 0-0: Ball
1-0: SINGLE (Line Drive, 9S)
Shang-de Zhang scores
José Tamayo to third
Guy Riley to second
Runner from 3rd tries for Home, throw and OUT!
Top of the 4th over - 1 run(s), 2 hit(s), 0 error(s), 2 left on base; Lannister United 1 - Durham 0
BOTTOM OF THE 4TH
Durham Rapiers batting - Pitching for Lannister United Lionhearts : RHP Gonçalo Conxacha
Batting: SHB Kunimichi Chikafuji 0-0: Foul Ball, location: 2F
0-1: Ball
1-1: Ball
2-1: Swinging Strike
2-2: Strikes out looking
Batting: RHB Caleb Lee 0-0: Ball
1-0: Ball
2-0: Ball
3-0: Called Strike
3-1: Called Strike
3-2: Base on Balls
Batting: RHB Kevin Sanderson 0-0: Ball
1-0: Foul Ball, location: 2F
1-1: Ball
2-1: Fly out, F8 (Line Drive, 8RM)
Batting: SHB Orlando López 0-0: Ball
1-0: Fielders Choice at 2nd, U4 (Groundball, 4M)
Bottom of the 4th over - 0 run(s), 0 hit(s), 0 error(s), 1 left on base; Lannister United 1 - Durham 0
TOP OF THE 5TH
Lannister United Lionhearts batting - Pitching for Durham Rapiers : RHP Luis Cardona
Batting: RHB Pedro Herrera 0-0: Fly out, F8 (Flyball, 8RS)
Batting: LHB Jorge Garza 0-0: Ball
1-0: Called Strike
1-1: Foul Ball, location: 2F
1-2: Ball
2-2: Strikes out swinging
Batting: RHB Héctor Ruíz 0-0: Ball
1-0: Ball
2-0: Fly out, F9 (Flyball, 9M)
Top of the 5th over - 0 run(s), 0 hit(s), 0 error(s), 0 left on base; Lannister United 1 - Durham 0
BOTTOM OF THE 5TH
Durham Rapiers batting - Pitching for Lannister United Lionhearts : RHP Gonçalo Conxacha
Batting: RHB Álex Hernández 0-0: Ball
1-0: Fly out, F3 (Popup, 3F)
Batting: RHB Esteban Garza 0-0: Swinging Strike
0-1: Ball
1-1: Ball
2-1: Foul Ball, location: 2F
2-2: SINGLE (Flyball, 8RS)
Batting: LHB Evan Nelson 0-0: Swinging Strike
0-1: Ball
1-1: Ground out U3 (Groundball, 3S)
Esteban Garza to second
Batting: RHB Luis Tapia 0-0: Called Strike
0-1: Swinging Strike
0-2: Ball
1-2: Foul Ball, location: 2F
1-2: Ball
2-2: Ball
3-2: Ground out 5-3 (Groundball, 56S)
Bottom of the 5th over - 0 run(s), 1 hit(s), 0 error(s), 1 left on base; Lannister United 1 - Durham 0
TOP OF THE 6TH
Lannister United Lionhearts batting - Pitching for Durham Rapiers : RHP Luis Cardona
Batting: LHB Eduardo Álvarez 0-0: Swinging Strike
0-1: SINGLE (Groundball, 4MD)
Batting: LHB Aurelio Aurillo 0-0: Ball
1-0: Called Strike
1-1: Swinging Strike
1-2: Ball
2-2: Ball
3-2: Fly out, F9 (Flyball, 89M)
3-2: Fly out, F9 (Flyball, 89M)
Batting: LHB Shang-de Zhang 0-0: Ball
1-0: Ball
2-0: Called Strike
2-1: Ball
3-1: Grounds into double play, 6-4-3 (Groundball, 6)
Top of the 6th over - 0 run(s), 1 hit(s), 0 error(s), 0 left on base; Lannister United 1 - Durham 0
BOTTOM OF THE 6TH
Durham Rapiers batting - Pitching for Lannister United Lionhearts : RHP Gonçalo Conxacha
Batting: RHB Harrison Blackford 0-0: Ground out 5-3 (Groundball, 56)
Batting: SHB Kunimichi Chikafuji 0-0: Ground out 4-3 (Groundball, 4)
Batting: RHB Caleb Lee 0-0: Ball
1-0: SINGLE (Groundball, 56)
Batting: RHB Kevin Sanderson 0-0: Foul Ball, location: 2F
0-1: Foul Ball, location: 2F
0-2: Ball
Caleb Lee is caught stealing 2nd base
Bottom of the 6th over - 0 run(s), 1 hit(s), 0 error(s), 0 left on base; Lannister United 1 - Durham 0
TOP OF THE 7TH
Lannister United Lionhearts batting - Pitching for Durham Rapiers : RHP Luis Cardona
Batting: LHB José Tamayo 0-0: Foul Ball, location: 2F
0-1: Foul Ball, location: 2F
0-2: Ball
1-2: Reached on Error, E8 (Flyball, 8RD)
Batting: LHB Guy Riley 0-0: Ball
1-0: Bunted foul
1-1: Bunted foul
1-2: Foul Ball, location: 2F
1-2: Foul Ball, location: 2F
1-2: Ball
2-2: Fly out, F6 (Popup, 6MS)
Batting: LHB Carl Duncan 0-0: Ball
José Tamayo is caught stealing 2nd base
1-0: Foul Ball, location: 2F
1-1: Swinging Strike
1-2: Strikes out swinging
Top of the 7th over - 0 run(s), 0 hit(s), 1 error(s), 0 left on base; Lannister United 1 - Durham 0
BOTTOM OF THE 7TH
Durham Rapiers batting - Pitching for Lannister United Lionhearts : RHP Gonçalo Conxacha
Batting: RHB Kevin Sanderson 0-0: Ball
1-0: Ground out 5-3 (Groundball, 5)
Pitching: RHP Tom Rosas
Batting: SHB Orlando López 0-0: Swinging Strike
0-1: Ball
1-1: Fly out, F7 (Flyball, 7M)
Batting: RHB Álex Hernández 0-0: Called Strike
0-1: Ball
1-1: Foul Ball, location: 2F
1-2: Strikes out swinging
Bottom of the 7th over - 0 run(s), 0 hit(s), 0 error(s), 0 left on base; Lannister United 1 - Durham 0
TOP OF THE 8TH
Lannister United Lionhearts batting - Pitching for Durham Rapiers : RHP Luis Cardona
Batting: RHB Pedro Herrera 0-0: Ball
1-0: Ball
2-0: Foul Ball, location: 2F
2-1: Ball
3-1: Base on Balls
Batting: LHB Jorge Garza 0-0: Ball
1-0: SINGLE (Groundball, 4MD)
Pedro Herrera to second
Pitching: LHP Jeremy Petty
Batting: RHB Héctor Ruíz 0-0: Foul Ball, location: 2F
0-1: Ball
1-1: Sac Bunt - play at first, batter OUT! 2-4
Pedro Herrera to third
Jorge Garza to second
Pinch Hitting: RHB Carlos Pacheco 0-0: Intentional Walk
Pinch Hitting: LHB Gabriel Córdova 0-0: Fly out, F7 (Flyball, 7LMF)
Runner from 3rd tags up, SCORES, no throw
Pinch Hitting: RHB Brian King 0-0: Called Strike
0-1: Foul Ball, location: 2F
0-2: Ball
1-2: Ball
2-2: Strikes out swinging
Top of the 8th over - 1 run(s), 1 hit(s), 0 error(s), 2 left on base; Lannister United 2 - Durham 0
BOTTOM OF THE 8TH
Durham Rapiers batting - Pitching for Lannister United Lionhearts : RHP Tom Rosas
Now at 1B: Cale Beazley
Now at 3B: Brian King
Now in LF: Gabriel Córdova
Batting: RHB Esteban Garza 0-0: Ball
1-0: Fly out, F8 (Flyball, 8LM)
Batting: LHB Evan Nelson 0-0: Swinging Strike
0-1: Foul Ball, location: 2F
0-2: Strikes out swinging
Batting: RHB Luis Tapia 0-0: Ball
1-0: SINGLE (Flyball, 89S)
Batting: RHB Harrison Blackford 0-0: Called Strike
0-1: Foul Ball, location: 2F
0-2: Foul Ball, location: 2F
0-2: Foul Ball, location: 2F
0-2: Foul Ball, location: 2F
0-2: Ball
1-2: Fly out, F8 (Flyball, 8RM)
Bottom of the 8th over - 0 run(s), 1 hit(s), 0 error(s), 1 left on base; Lannister United 2 - Durham 0
TOP OF THE 9TH
Lannister United Lionhearts batting - Pitching for Durham Rapiers : LHP Jeremy Petty
Pitching: LHP Jason Horne
Batting: LHB José Tamayo 0-0: Ball
1-0: Ball
2-0: Foul Ball, location: 2F
2-1: Fly out, F9 (Flyball, 89M)
Pitching: RHP Jim Unknown
Batting: LHB Guy Riley 0-0: SINGLE (Flyball, 89S)
Batting: LHB Carl Duncan 0-0: Ball
Guy Riley steals 2nd base
1-0: Intentional Walk
Batting: RHB Pedro Herrera 0-0: Foul Ball, location: 2F
0-1: Fly out, F8 (Flyball, 8RM)
Batting: LHB Jorge Garza 0-0: Called Strike
0-1: Ball
1-1: Ball
2-1: Swinging Strike
2-2: Strikes out swinging
Top of the 9th over - 0 run(s), 1 hit(s), 0 error(s), 2 left on base; Lannister United 2 - Durham 0
BOTTOM OF THE 9TH
Durham Rapiers batting - Pitching for Lannister United Lionhearts : RHP Tom Rosas
Pitching: LHP Manuel Franco
Batting: SHB Kunimichi Chikafuji 0-0: Ball
1-0: Ground out 6-3 (Groundball, 6)
Batting: RHB Caleb Lee 0-0: Called Strike
0-1: Ball
1-1: Ball
2-1: Ball
3-1: Base on Balls
Batting: RHB Kevin Sanderson 0-0: Swinging Strike
0-1: Fly out, F8 (Flyball, 8LM)
Pinch Hitting: RHB Augusto Flores 0-0: Swinging Strike
0-1: Ball
1-1: Swinging Strike
1-2: Ball
2-2: Ball
3-2: Foul Ball, location: 2F
3-2: Foul Ball, location: 2F
3-2: Foul Ball, location: 2F
3-2: Strikes out swinging
Bottom of the 9th over - 0 run(s), 0 hit(s), 0 error(s), 1 left on base; Lannister United 2 - Durham 0
This league is powered by Out of the Park Baseball, the baseball management simulation game for PC, Mac and Linux
Friday, April 15th, 2016 - OOTP Baseball 16.9 Build 39